 Dungeon Crawl Stone Soup version 0.26-a0-18-g135ff06667 (webtiles) character file.

Game seed: 8021681316132152925, levelgen mode: deterministic

402 Mrkan the Covered (level 6, -2/39 HPs)
             Began as a Gargoyle Fighter on May 25, 2020.
             Was a Follower of Dithmenos.
             Slain by a wight
             ... wielding a +3 great sword
              (3 damage)
             ... on level 4 of the Dungeon.
             The game lasted 00:05:59 (3930 turns).

Mrkan the Covered (Gargoyle Fighter)                Turns: 3930, Time: 00:05:59

Health: -2/39      AC: 16    Str: 21    XL:     6   Next: 85%
Magic:  6/6        EV:  4    Int:  9    God:    Dithmenos [*.....]
Gold:   122        SH:  9    Dex:  9    Spells: 5/5 levels left

rFire    . . .     SeeInvis .   a - +0 flail
rCold    . . .     Gourm    .   c - +0 kite shield
rNeg     + . .     Faith    .   e - +0 plate armour
rPois    ∞         Spirit   .   (no helmet)
rElec    +         Reflect  .   (no cloak)
rCorr    .         Harm     .   (no gloves)
MR       .....                  (no boots)
Stlth    ..........             (no amulet)
HPRegen  0.13/turn              (no ring)
MPRegen  0.10/turn              (no ring)

@: wreathed by umbra
A: negative energy resistance 1, electricity resistance, unbreathing,
petrification resistance, rot immunity, AC +4
a: Renounce Religion


You were on level 4 of the Dungeon.
You worshipped Dithmenos.
Dithmenos was aware of your devotion.
You were near starving.

You visited 1 branch of the dungeon, and saw 4 of its levels.
You also visited: Sewer.

You collected 122 gold pieces.

Inventory:

Hand Weapons
 a - a +0 flail (weapon)
 d - a +3 morningstar of freezing
Armour
 c - a +0 kite shield (worn)
 e - a +0 plate armour (worn)
Jewellery
 j - an uncursed amulet of guardian spirit {unknown}
 n - a cursed -4 ring of intelligence {unknown}
 o - an uncursed ring of ice {unknown}
Wands
 u - a wand of disintegration (10)
Scrolls
 h - a scroll of enchant weapon {unknown}
 i - 3 scrolls of remove curse {unknown}
 l - 2 scrolls of fog {unknown}
 m - 5 scrolls of identify {unknown}
 p - 3 scrolls of teleportation {unknown}
 q - a scroll of fear {unknown}
 r - a scroll of random uselessness {unknown}
 t - a scroll of blinking {unknown}
Potions
 b - 2 potions of haste {unknown}
 g - a potion of stabbing {unknown}
 k - a potion of heal wounds {unknown}
 s - a potion of degeneration {unknown}
Comestibles
 f - 5 rations


   Skills:
 + Level 4.6 Fighting
 * Level 4.6 Maces & Flails
 + Level 4.7 Armour
 + Level 4.6 Shields


You had 5 spell levels left.
You didn't know any spells.
Your spell library was empty.

Dungeon Overview and Level Annotations

Branches:
Dungeon (4/15)              Sewer (visited)
 Temple: D:4-7

Altars:
Dithmenos
Zin


Innate Abilities, Weirdness & Mutations

You are resistant to torment.
Your stone body is resilient. (AC +4)
You are immune to poison.
You resist negative energy. (rN+)
You are resistant to electric shocks. (rElec)
You can survive without breathing.
You are immune to petrification.
You are immune to rotting.


Message History

Your shield and plate armour prevent you from hitting the wight.
The wight is almost destroyed.
The wight hits you but does no damage.
You hit the wight but do no damage.
The wight is almost destroyed.
The wight hits you but does no damage.
You hit the wight but do no damage.
The wight is almost destroyed.
The wight hits you with a +3 great sword.
* * * LOW HITPOINT WARNING * * *
You hit the wight but do no damage.
The wight is almost destroyed.
You block the wight's attack.
You closely miss the wight.
The wight is almost destroyed.
The wight barely misses you.
You hit the wight but do no damage.
The wight is almost destroyed.
The wight hits you with a +3 great sword.
You die...

....# ##...##
#...##.....##
#........#####...
##...............
#.....<.#######.
##......#...# #
#...........#
##....#.######...#
.....##@# #.##
..... #z# .#
......#)# .#
........#
......### .....#
#...# ####


You could see a wight.

Vanquished Creatures
  Purgy (Sewer)
  2 wights (D:4)
  2 orc priests (D:3)
  5 adders
  4 worms (D:2)
  3 dart slugs
  10 leopard geckos
  3 orcs (D:3)
  2 ball pythons
  5 giant cockroaches
  3 goblins
  9 hobgoblins
  5 jackals
  4 quokkas
  9 bats
  2 frilled lizards (D:1)
  13 kobolds
  6 rats
88 creatures vanquished.

Notes
Turn   | Place    | Note
-------+----------+-------------------------------------------
     0 | D:1      | Mrkan the Gargoyle Fighter began the quest for the Orb.
     0 | D:1      | Reached XP level 1. HP: 14/14 MP: 1/1
   147 | D:1      | Reached XP level 2. HP: 19/19 MP: 2/2
   757 | D:1      | Reached XP level 3. HP: 23/23 MP: 3/3
  1568 | D:2      | Reached XP level 4. HP: 29/29 MP: 4/4
  2390 | D:3      | Reached XP level 5. HP: 30/33 MP: 5/5
  2575 | D:3      | Found a shadowy altar of Dithmenos.
  2585 | D:3      | Became a worshipper of Dithmenos the Shadowed
  2592 | D:3      | Found a glowing drain.
  2647 | Sewer    | Entered a sewer
  2765 | Sewer    | Noticed Purgy
  2806 | Sewer    | Killed Purgy
  2806 | Sewer    | Reached XP level 6. HP: 17/39 MP: 6/6
  3117 | D:3      | Found a glowing silver altar of Zin.
  3896 | D:4      | Reached * piety under Dithmenos
  3927 | D:4      | HP: 1/39 [wight/+3 great sword (5)]
  3930 | D:4      | Slain by a wight

Illustrated notes

Levels and vault maps discovered:
D:1:      sevenhm_arrival_forest_fort_large_4, layout_basic
D:2:      layout_basic
D:3:      layout_loops_ring, overflow_temple_1_default, portal_sewer_entry_f,
          minmay_misc_feat_tiny, grunt_dithmenos_smoke_and_mirrors
D:4:      minmay_wonky_spiral, layout_loops_ring, first_ration,
          cheibriados_altar_1, uniq_crazy_yiuf_cottage, uniq_sigmund

Skill      XL: |  1  2  3  4  5 |
---------------+----------------+-----
Maces & Flails | 3 4 |  4.6
Armour         | 4 |  4.7
Fighting       | 4 |  4.6
Shields        | 4 |  4.6

Action                   |  1- 3 |  4- 6 || total
-------------------------+-------+-------++-------
Melee: Flail             |   163 |   299 ||   462
  Use: Potion            |       |     2 ||     2
  Eat: Chunk             |     2 |     7 ||     9
Armor: Plate armour      |   136 |   275 ||   411
       Scale mail        |     1 |       ||     1
Dodge: Dodged            |    26 |    66 ||    92
Block: Kite shield       |   109 |   224 ||   333

Table legend:
 A = Non-vault XP
 B = Vault XP
 C = Vault XP percentage of total XP
 D = Non-vault monster count
 E = Vault monster count
 F = Vault count percentage of total count
                 A         B        C        D         E       F
            +---------+---------+-------+---------+---------+-------
      Total |     419 |     156 |  27.1 |      78 |      10 |  11.4
            +---------+---------+-------+---------+---------+-------
        D:1 |      45 |       0 |   0.0 |      25 |       0 |   0.0
        D:2 |      94 |       0 |   0.0 |      23 |       0 |   0.0
        D:3 |     164 |      11 |   6.3 |      28 |       4 |  12.5
        D:4 |     116 |       0 |   0.0 |       2 |       0 |   0.0
      Sewer |       0 |     145 | 100.0 |       0 |       6 | 100.0
            +---------+---------+-------+---------+---------+-------
